 Dungeon Crawl Stone Soup version 0.15-a0-734-g2b8d6ef (webtiles) character file.

107 Infinimo the Shield-Bearer (level 5, -2/41 HPs)
             Began as a Formicid Fighter on May 11, 2014.
             Slain by Tinttamiau's ghost (15 damage)
             ... on Level 3 of the Dungeon.
             The game lasted 00:03:27 (2373 turns).

Infinimo the Shield-Bearer (Formicid Fighter)       Turns: 2373, Time: 00:03:27

HP  -2/41        AC  7     Str 21      XL: 5   Next: 10%
MP   7/7         EV  7     Int  8      God:
Gold 115         SH 19     Dex 10      Spells:  0 memorised,  4 levels left

rFire  . . .     SeeInvis +     s - +0 great mace
rCold  . . .     Clarity  .     b - +0 scale mail
rNeg   . . .     Conserve .     c - +0 shield
rPois  .         rCorr    .     (helmet unavailable)
rElec  .         rRot     .     (no cloak)
SustAb . .       Spirit   .     (no gloves)
rMut   .         Warding  .     (no boots)
Gourm  .         Stasis   +     (no amulet)
MR     .....                    (no ring)
                                (no ring)

@: not resistant to hostile enchantments, extremely unstealthy
A: permanent stasis, dig shafts and tunnels, four strong arms, antennae 3
a: Dig, Shaft Self


You were on level 3 of the Dungeon.
You were not hungry.

You visited 1 branch of the dungeon, and saw 3 of its levels.

You collected 115 gold pieces.

Inventory:

Hand weapons
 s - a +0,+0 great mace (weapon)
Armour
 b - a +0 scale mail (worn)
 c - a +0 shield (worn)
Comestibles
 a - a choko
 d - 3 bread rations
 l - a meat ration
Scrolls
 n - 2 scrolls of identify
 o - a scroll of blinking {unknown}
 q - a scroll of teleportation {unknown}
 r - 2 scrolls of remove curse
Jewellery
 g - an uncursed ring of sustain abilities {unknown}
 t - an uncursed ring of invisibility {unknown}
 u - an uncursed amulet of faith {unknown}
Potions
 e - a potion of might
 f - 2 potions of restore abilities
 h - a potion of haste {unknown}
 i - a potion of lignification {unknown}
 j - a potion of paralysis {unknown}
 k - 2 potions of heal wounds {unknown}
 m - a potion of poison {unknown}
 p - a potion of curing {unknown}


   Skills:
 - Level 3.2 Fighting
 * Level 3.9 Maces & Flails
 + Level 4.0 Armour
 + Level 4.3 Shields


You had 4 spell levels left.
You didn't know any spells.

Dungeon Overview and Level Annotations

Branches:
Dungeon (3/15)

Altars:
Cheibriados
Fedhas

Annotations:
D:3 Grinder; Sigmund; Tinttamiau's ghost, average MiFi


Innate Abilities, Weirdness & Mutations

Your are under a permanent stasis effect.
You can dig through walls and to a lower floor.
Your four strong arms can wield two-handed weapons with a shield.
You have a pair of large antennae on your head (SInv).


Message History

You thump Tinttamiau's ghost!
Tinttamiau's ghost is moderately damaged.
You block Tinttamiau's ghost's attack.
Your shield and scale mail prevent you from hitting Tinttamiau's ghost.
Tinttamiau's ghost is moderately damaged.
Tinttamiau's ghost hits you. You block Tinttamiau's ghost's attack.
Tinttamiau's ghost is moderately damaged.
You block the bat's attack. Tinttamiau's ghost hits you.
Tinttamiau's ghost is moderately damaged.
You block the bat's attack. Tinttamiau's ghost barely misses you.
Your shield and scale mail prevent you from hitting Tinttamiau's ghost.
Tinttamiau's ghost is moderately damaged.
You block Tinttamiau's ghost's attack.
Tinttamiau's ghost is moderately damaged.
Tinttamiau's ghost hits you! Tinttamiau's ghost barely misses you.
Your shield and scale mail prevent you from hitting Tinttamiau's ghost.
Tinttamiau's ghost is lightly damaged.
You block the bat's attack. Tinttamiau's ghost hits you!
Tinttamiau's ghost hits you!
You die...

###.........#..#.....#......(.###
....#.##.##.#..........##.###.###
###...##.##.##.####.##.##.# #.##.
######.......# #.......# #.##.
####.#### ####.#### #.##. #.).#
#...# #.... #############.##
#...# ####. ......##.......###
#...########.
......##.....b..@####........##..
..>...##...#...#.W.......)...#.#.
.........).....(......[.......###
......##...###.#.............#.#.
......##.[.###.#.####........#..#
......##.........# #...######..#
########.######### #...# ###...
##.## #.# ###...####..... #.#.##
#.# #.......##.##.#


You could see Tinttamiau's ghost and a bat.

Vanquished Creatures
  An orc wizard (D:3)
  An adder (D:2)
  A giant mite (D:2)
  An ooze (D:1)
  3 orcs (D:3)
  7 bats
  4 giant cockroaches
  8 goblins
  6 hobgoblins
  4 kobolds
  2 quokkas (D:3)
  2 giant newts
  8 jackals
  7 rats
55 creatures vanquished.

Notes
Turn   | Place    | Note
--------------------------------------------------------------
     0 | D:1      | Infinimo, the Formicid Fighter, began the quest for the Orb.
     0 | D:1      | Reached XP level 1. HP: 18/18 MP: 1/1
   171 | D:1      | Reached XP level 2. HP: 17/24 MP: 3/3
   358 | D:1      | Reached XP level 3. HP: 18/29 MP: 4/4
   924 | D:2      | Reached skill level 4 in Shields
   925 | D:2      | Reached XP level 4. HP: 30/35 MP: 5/5
  1476 | D:3      | Noticed Sigmund
  1501 | D:3      | Noticed Tinttamiau's ghost (average MiFi)
  1726 | D:3      | Noticed Grinder
  2161 | D:3      | Reached XP level 5. HP: 38/41 MP: 7/7
  2224 | D:3      | Found a blossoming altar of Fedhas.
  2225 | D:3      | Found a snail-covered altar of Cheibriados.
  2373 | D:3      | Slain by Tinttamiau's ghost

Action                   |  1- 3 |  4- 6 || total
-------------------------+-------+-------++-------
Melee: Flail             |    90 |    33 ||   123
       Great mace        |       |    54 ||    54
 Abil: Dig               |       |     6 ||     6
  Use: Scroll            |     3 |     1 ||     4
